 Dungeon Crawl Stone Soup version 0.31-a0-473-g61b50ae490 (webtiles) character file.

Game seed: 3128538140464820952

76 pokeman the Magician (level 4, -4/25 HPs)
             Began as a Deep Elf Hedge Wizard on Aug 6, 2023.
             Killed from afar by an orc wizard (7 damage)
             ... with a puff of flame
             ... on level 2 of the Dungeon.
             The game lasted 00:04:04 (2141 turns).

pokeman the Magician (Deep Elf Hedge Wizard)        Turns: 2141, Time: 00:04:05

Health: -4/25      AC:  2    Str:  7    XL:     4   Next: 12%
Magic:  1/13       EV: 12    Int: 21    God:
Gold:   63         SH:  0    Dex: 14    Spells: 6/14 levels left

rFire   . . .        f - +1 dagger (venom)
rCold   . . .        (no shield)
rNeg    . . .        b - +0 robe
rPois   .            c - +0 hat
rElec   .            (no cloak)
rCorr   .            (no gloves)
SInv    .            (no boots)
Will    .....        (no amulet)
Stlth   ++           (no ring)
HPRegen 0.24/turn    (no ring)
MPRegen 0.13/turn

%: no passive effects
@: no status effects
A: no striking features
a: no special abilities


You were on level 2 of the Dungeon.
You visited 1 branch of the dungeon, and saw 3 of its levels.

You collected 63 gold pieces.

Inventory:

Hand Weapons
 f - a +1 dagger of venom (weapon)
 k - a +2 hand axe of electrocution
Armour
 b - a +0 robe (worn)
 c - a +0 hat (worn)
Magical Staves
 a - a staff of death
Scrolls
 e - a scroll of fear {unknown}
 g - 3 scrolls of identify {unknown}
 h - 4 scrolls of blinking {unknown}
 l - 4 scrolls of immolation {unknown}
 m - a scroll of teleportation {unknown}
 o - a scroll of revelation {unknown}
Potions
 d - a potion of magic
 i - a potion of mutation {unknown}
 j - a potion of lignification {unknown}
 n - 2 potions of resistance {unknown}
 p - 2 potions of heal wounds {unknown}


   Skills:
 - Level 1.0 Fighting
 - Level 1.0 Armour
 + Level 2.6 Dodging
 + Level 2.5 Stealth
 * Level 5.5 Spellcasting
 + Level 2.1 Conjurations
 - Level 1.1 Summonings
 - Level 1.1 Translocations


You had 6 spell levels left.
You knew the following spells:

 Your Spells              Type           Power      Damage    Failure   Level
a - Magic Dart            Conj           56%        1d5       4%          1
b - Mephitic Cloud        Conj/Pois/Air  8%         N/A       22%         3
c - Call Imp              Summ           20%        N/A       10%         2
d - Blink                 Tloc           20%        N/A       10%         2

Your spell library contained the following spells:

 Spells                   Type           Power      Damage    Failure   Level
 Slow                     Hex            20%        N/A       11%         1
 Cigotuvi's Dreadful Rot  Necr/Pois/Air  10%        N/A       16%         2
 Leda's Liquefaction      Hex/Erth       2%         N/A       71%         4
 Lee's Rapid Deconstruct  Erth           2%         3d5*      96%         5
 Leda's Unmaking          Conj/Erth      5%         9d2       100%        6


Dungeon Overview and Level Annotations

Branches:
Dungeon (3/15)

Altars:
Nemelex Xobeh


Message History

A tiny devil pulls itself out of the air.
Your cerulean imp barely misses the orc wizard.
You swap places.
The orc wizard misses your cerulean imp.
Your cerulean imp hits the orc wizard with a -3 spear.
The orc wizard hits your cerulean imp with a +0 dagger.
Your cerulean imp misses the orc wizard.
The orc wizard hits your cerulean imp but does no damage.
Your cerulean imp hits the orc wizard but does no damage.
The orc wizard points at your cerulean imp and mumbles some strange words.
The puff of flame hits your cerulean imp!
Your cerulean imp barely misses the orc wizard.
The orc wizard closely misses your cerulean imp.
Your cerulean imp misses the orc wizard.
The orc wizard misses your cerulean imp.
Your cerulean imp barely misses the orc wizard.
There is a stone staircase leading up here.
The orc wizard gestures at your cerulean imp while chanting.
Your cerulean imp easily resists.
Your cerulean imp hits the orc wizard but does no damage.
The orc wizard gestures at your cerulean imp while chanting.
Your cerulean imp easily resists.
Your cerulean imp misses the orc wizard.
The orc wizard hits your cerulean imp with a +0 dagger.
Your cerulean imp dies!
Your cerulean imp disappears in a puff of smoke!
Casting: Call Imp (safe; 10% risk of failure)
Confirm with . or Enter, or press ? or * to list all spells.
Aiming: Magic Dart (safe; 4% risk of failure)
Press: ? - help, Shift-Dir - straight line, f - orc wizard
Aim: an orc wizard, wielding a +0 dagger and wearing a +0 robe (severely wounded, wandering, hasn't noticed you, 100% to hit)
The magic dart hits the orc wizard but does no damage.
The orc wizard is severely wounded.
The orc wizard shouts!
The orc wizard casts a spell at you. The magic dart hits you.
* * * LOW HITPOINT WARNING * * *
The orc wizard gestures at you while chanting.
The puff of flame hits you!
You die...

##.#..# #.#..#
#o#..# #.#..##
#######.#...#
######....##...#.#
#..#.............#
#..#.....###...###
####.....#..###.@.#
.#....#..#)..##...#
.#.^...#####.##...#
....#..#..........#
....#..##.........#
..##############.##
..#....)...#####.#
..########.......#
### #########


You could see an orc wizard.

Vanquished Creatures
  An adder (D:2)
  2 worms (D:2)
  2 dart slugs (D:2)
  An orc (D:3)
  4 ball pythons
  3 bats
  4 endoplasms
  5 giant cockroaches
  5 hobgoblins
  4 jackals (D:1)
  4 kobolds
  4 quokkas
  2 frilled lizards (D:1)
  3 goblins
  3 rats
47 creatures vanquished.

Notes
Turn   | Place    | Note
-------+----------+-------------------------------------------
     0 | D:1      | pokeman the Deep Elf Hedge Wizard began the quest for the
                  | Orb.
     0 | D:1      | Reached XP level 1. HP: 10/10 MP: 7/7
   205 | D:1      | Reached XP level 2. HP: 16/16 MP: 7/9
   417 | D:1      | Reached skill level 5 in Spellcasting
   510 | D:1      | Found a faded altar of an unknown god.
   566 | D:1      | Reached XP level 3. HP: 20/20 MP: 8/11
   570 | D:1      | Learned a level 3 spell: Mephitic Cloud
   573 | D:1      | Learned a level 2 spell: Call Imp
   576 | D:1      | Learned a level 2 spell: Blink
   986 | D:2      | Found a sparkling altar of Nemelex Xobeh.
  1312 | D:2      | Reached skill level 1 in Fighting
  1316 | D:2      | HP: 1/20 [dart slug/slug dart (2)]
  1428 | D:2      | Reached skill level 1 in Armour
  1640 | D:2      | Reached XP level 4. HP: 24/25 MP: 10/13
  2141 | D:2      | Killed from afar by an orc wizard

Illustrated notes

Levels and vault maps discovered:
D:1:      psy_arrival_whirlpool, layout_basic, nicolae_ecumenical_lake_church
D:2:      layout_loops_ring, basic_altar, hangedman_decor_push
D:3:      layout_rooms

Skill      XL: |  1  2  3 |
---------------+----------+-----
Spellcasting   | 5 |  5.5
Fighting       | 1 |  1.0
Conjurations   | 2 |  2.1
Armour         | 1 |  1.0
Dodging        | |  2.6
Stealth        | |  2.5
Summonings     | |  1.1
Translocations | |  1.1

Action                     |  1- 3 |  4- 6 || total
---------------------------+-------+-------++-------
  Melee: Dagger            |    40 |     7 ||    47
   Cast: Magic Dart        |   106 |    21 ||   127
         Call Imp          |       |     1 ||     1
   Stab: Sleeping          |       |     1 ||     1
 Armour: Robe              |     8 |     2 ||    10
  Dodge: Dodged            |    31 |     7 ||    38

Table legend: (Time is in decaauts)
 A = Elapsed time spent in this place.
 B = Non-inter-level travel time spent in this place.
 C = Inter-level travel time spent in this place.
 D = Time resting spent in this place.
 E = Time spent auto-exploring this place.
 F = Levels seen in this place.
 G = Mean time per level.
                   A        B        C        D        E       F      G
               +--------+--------+--------+--------+--------+-----+--------+
         Total |   2145 |   2086 |     59 |     25 |   1746 |   3 |  715.0 |
       Dungeon |   2145 |   2086 |     59 |     25 |   1746 |   3 |  715.0 |
               +--------+--------+--------+--------+--------+-----+--------+

Top non-repeatable levels by time:
     D:2: 1165 daAuts
     D:1: 965 daAuts
     D:3: 14 daAuts
